 Dungeon Crawl Stone Soup version 0.29.0-11-gd7f09526c8 (webtiles) character file.

Game seed: 10796574967284911746

58 MommaTrice the Firebug (level 4, 0/34 (35) HPs)
             Began as a Formicid Cinder Acolyte on Sept 2, 2022.
             Was a High Priest of Ignis.
             Killed by nerve-wracking pain
             ... invoked by Grinder
              (3 damage)
             ... on level 3 of the Dungeon on Sept 5, 2022.
             The game lasted 00:13:10 (2611 turns).

MommaTrice the Firebug (Formicid Cinder Acolyte)    Turns: 2611, Time: 00:13:12

HP:   0/34 (35)     AC:  3    Str: 19    XL:     4   Next: 20%
MP:   1/5           EV: 11    Int: 15    God:    Ignis [*****.]
Gold: 57            SH:  0    Dex:  9    Spells: 3/5 levels left

rFire   + . .      SeeInvis +   f - +1 dagger (drain)
rCold   . . .      Faith    .   (no shield)
rNeg    . . .      Spirit   .   b - +0 robe
rPois   .          Reflect  .   (helmet unavailable)
rElec   .          Harm     .   (no cloak)
rCorr   .          Rampage  .   (no gloves)
Will    .....                   c - +0 pair of boots
Stlth   +.........              (no amulet)
HPRegen 0.11/turn               (no ring)
MPRegen 0.09/turn               (no ring)

@: lightly drained
A: permanent stasis, dig shafts and tunnels, antennae 3, four strong arms
a: Dig, Shaft Self, Renounce Religion, Fiery Armour, Foxfire Swarm, Rising Flame


You were on level 3 of the Dungeon.
You worshipped Ignis.
Ignis was extremely pleased with you.
You visited 1 branch of the dungeon, and saw 3 of its levels.

You collected 85 gold pieces.
You spent 28 gold pieces at shops.


Innate Abilities, Weirdness & Mutations

You cannot be hasted, slowed, berserked, paralysed or teleported.
You can dig through walls and to a lower floor.
You have a pair of large antennae on your head. (SInv)
Your four strong arms can wield two-handed weapons with a shield.


   Skills:
 + Level 3.5 Fighting
 - Level 1.0 Short Blades
 - Level 3.3 Maces & Flails
 + Level 1.2 Spellcasting
 + Level 0.1 Conjurations
 + Level 0.2 Hexes
 + Level 4.0 Fire Magic


You had 3 spell levels left.
You knew the following spells:

 Your Spells              Type           Power      Damage    Failure   Level
a - Scorch                Fire           26%        2d6       7%          2

Your spell library contained the following spells:

 Spells                   Type           Power      Damage    Failure   Level
 Inner Flame              Hex/Fire       7%         N/A       30%         3
 Cause Fear               Hex            0%         N/A       91%         4
 Fireball                 Conj/Fire      3%         3d4       95%         5
 Iskenderun's Battlesphe  Conj           1%         2d6       99%         5
 Conjure Ball Lightning   Conj/Air       0%         3x3d6     100%        6
 Orb of Destruction       Conj           0%         9d5       100%        7
 Discord                  Hex            0%         N/A       100%        8

Inventory:

Hand Weapons
 a - a -1 mace of flaming
 f - a +1 dagger of draining (weapon)
 i - a +0 sling
Missiles
 l - 15 stones
Armour
 b - a +0 robe (worn)
 c - a +0 pair of boots (worn)
Scrolls
 d - a scroll of amnesia {unknown}
 g - a scroll of magic mapping {unknown}
 h - a scroll of summoning {unknown}
 n - a scroll of poison {unknown}
Potions
 e - a potion of lignification {unknown}
 j - 2 potions of curing {unknown}
 k - 2 potions of heal wounds {unknown}
 m - a potion of attraction {unknown}
 o - 2 potions of flight {unknown}
 p - 2 potions of resistance {unknown}

Dungeon Overview and Level Annotations

Branches:
Dungeon (3/15)

Altars:

Shops:
D:2 ?

Annotations:
D:3 Grinder

▒▒▒ ▒▒·· ▒▒▒▒··▒▒▒
▒· ··>··▒ ▒·
▒·▒▒·▒▒▒
▒▒▒▒▒·▒▒·▒▒···▒▒
▒······@·····▒·▒▒▒▒
▒·▒▒▒·▒▒➎▒·········
▒·▒▒·▒··▒▒·▒▒▒
··▒▒·········▒▒
▒········▒▒▒▒▒ ▒▒·
·▒▒·····▒ ▒··
▒·▒▒▒·▒ ▒·· ▒
▒·▒▒▒·▒ ▒·▒
▒▒·▒▒▒·····▒ ▒·▒


You could see Grinder (combustible).


Message History

Grinder hits you.
You hit Grinder but do no damage.
Grinder is moderately wounded.
Grinder hits you!
* * * LOW HITPOINT WARNING * * *
You writhe in agony.
* * * LOW HITPOINT WARNING * * *
You completely miss Grinder.
Grinder is moderately wounded.
Grinder closely misses you.
You hit Grinder but do no damage.
Grinder is moderately wounded.
You hit Grinder.
Grinder is moderately wounded.
Grinder gestures at you. Pain shoots through your body!
* * * LOW HITPOINT WARNING * * *
You aren't carrying any items that you can evoke.
You closely miss Grinder.
Grinder is moderately wounded.
Grinder closely misses you.
Casting: Scorch (safe; 7% risk of failure)
Confirm with . or Enter, or press ? or * to list all spells.
Flames lash Grinder.
Grinder is moderately wounded.
Grinder's fire resistance burns away.
* * * LOW MAGIC WARNING * * *
Grinder gestures at you. Pain shoots through your body!
You die...

Skill      XL: |  1  2  3 |
---------------+----------+-----
Short Blades   | 1 |  1.0
Fire Magic     | 4 |  4.0
Fighting       | |  3.5
Maces & Flails | |  3.3
Spellcasting   | |  1.2
Conjurations   | |  0.1
Hexes          | |  0.2

Action                   |  1- 3 |  4- 6 || total
-------------------------+-------+-------++-------
Melee: Mace              |    25 |       ||    25
       Dagger            |   100 |    32 ||   132
       Punch             |     2 |       ||     2
 Cast: Scorch            |       |     3 ||     3
 Abil: Dig               |     2 |       ||     2
  Use: Scroll            |       |     1 ||     1
 Stab: Sleeping          |     1 |       ||     1
Armor: Robe              |    14 |     5 ||    19
Dodge: Dodged            |    55 |    15 ||    70

Levels and vault maps discovered:
D:1:      dpeg_arrival_long_road, layout_rooms, basic_ecumenical_altar
D:2:      layout_basic, serial_shops, nicolae_shop_statue_plus,
          kennysheep_another_room
D:3:      layout_loops_ring, mainiacjoe_overflow_24_doors, minitemple,
          hangedman_decor_push, uniq_grinder, uniq_natasha

Notes
Turn   | Place    | Note
-------+----------+-------------------------------------------
     0 | D:1      | MommaTrice the Formicid Cinder Acolyte began the quest for
                  | the Orb.
     0 | D:1      | Reached XP level 1. HP: 18/18 MP: 2/2
    67 | D:1      | Found a faded altar of an unknown god.
   142 | D:1      | Reached XP level 2. HP: 16/21 MP: 3/3
   660 | D:1      | Reached XP level 3. HP: 23/25 MP: 4/4
   716 | D:1      | Reached skill level 1 in Short Blades
  1116 | D:1      | Reached skill level 4 in Fire Magic
  1120 | D:1      | Learned a level 2 spell: Scorch
  1192 | D:2      | Found Cycoasch's Magic Scroll Shop.
  1728 | D:2      | Reached XP level 4. HP: 33/33 MP: 5/5
  2441 | D:2      | Bought a scroll of identify for 28 gold pieces
  2583 | D:3      | Noticed Grinder
  2609 | D:3      | HP: 3/34 [Grinder/nerve-wracking pain (9)]
  2611 | D:3      | Killed from afar by Grinder

Vanquished Creatures
  2 dart slugs
  2 endoplasms (D:1)
  4 giant cockroaches
  7 goblins
  9 hobgoblins
  5 kobolds
  2 quokkas
  6 ball pythons
  2 bats (D:1)
  4 frilled lizards (D:1)
  5 rats
48 creatures vanquished.

Table legend: (Time is in decaauts)
 A = Elapsed time spent in this place.
 B = Non-inter-level travel time spent in this place.
 C = Inter-level travel time spent in this place.
 D = Time resting spent in this place.
 E = Time spent auto-exploring this place.
 F = Levels seen in this place.
 G = Mean time per level.
                   A        B        C        D        E       F      G
               +--------+--------+--------+--------+--------+-----+--------+
         Total |   2610 |   2461 |    149 |    497 |   1448 |   3 |  870.0 |
       Dungeon |   2610 |   2461 |    149 |    497 |   1448 |   3 |  870.0 |
               +--------+--------+--------+--------+--------+-----+--------+

Top non-repeatable levels by time:
     D:2: 1263 daAuts
     D:1: 1213 daAuts
     D:3: 133 daAuts

Table legend:
 A = Non-vault XP
 B = Vault XP
 C = Vault XP percentage of total XP
 D = Non-vault monster count
 E = Vault monster count
 F = Vault count percentage of total count
                 A         B        C        D         E       F
            +---------+---------+-------+---------+---------+-------
      Total |      83 |       0 |   0.0 |      48 |       0 |   0.0
            +---------+---------+-------+---------+---------+-------
        D:1 |      59 |       0 |   0.0 |      35 |       0 |   0.0
        D:2 |      16 |       0 |   0.0 |      10 |       0 |   0.0
        D:3 |       8 |       0 |   0.0 |       3 |       0 |   0.0
            +---------+---------+-------+---------+---------+-------
